 Dungeon Crawl Stone Soup version 0.28-a0-537-g3bccd9ccbf (webtiles) character file.

Game seed: 598633557688525381

2203 lunkers the Thaumaturge (level 9, -12/69 HPs)
             Began as a Djinni Cinder Acolyte on Sept 27, 2021.
             Was a High Priest of Ignis.
             Collided with a rock wall (15 damage)
             ... caused by Erica
             ... on level 7 of the Dungeon.
             The game lasted 00:15:34 (8123 turns).

lunkers the Thaumaturge (Djinni Cinder Acolyte)     Turns: 8123, Time: 00:15:35

Health: -12/69     AC:  8    Str: 19    XL:     9   Next: 60%
Gold:   522        EV: 14    Int: 16    God:    Ignis [*****.] SH:  5 Dex:  8

rFire   + + +      SeeInvis .   n - +5 flail (vorpal)
rCold   x . .      Faith    .   (no shield)
rNeg    . . .      Spirit   .   w - +0 swamp dragon scales
rPois   ∞          Reflect  +   (no helmet)
rElec   .          Harm     .   x - scarf {shadows}
rCorr   .          Rampage  .   f - +0 pair of gloves
Will    .....                   (boots unavailable)
Stlth   ..........              d - amulet "Vuhisej" {Reflect +Blink rPois Regen+ Int-4 SH+5}
HPRegen 1.21/turn               j - +6 ring of strength
MPRegen 0.00/turn               z - +4 ring of evasion

@: flying, slowed, very slow
A: sickness immunity, fire resistance 2, cold vulnerability 1, float, innate
caster, hp casting, extra vitality 1
a: Renounce Religion, Evoke Blink, Sea of Fire, Foxfire Swarm, Rising Flame


You were on level 7 of the Dungeon.
You worshipped Ignis.
Ignis was extremely pleased with you.
You visited 1 branch of the dungeon, and saw 8 of its levels.
You also visited: Sewer.

You collected 522 gold pieces.

Inventory:

Hand Weapons
 a - a -1 falchion of flaming
 n - a +5 vorpal flail (weapon)
 q - a +5 short sword of freezing
Missiles
 e - 39 sling bullets
Armour
 f - a +0 pair of gloves (worn)
 w - +0 swamp dragon scales (worn)
 x - a scarf of shadows (worn)
Jewellery
 d - the amulet "Vuhisej" (around neck) {Reflect +Blink rPois Regen+ Int-4 SH+5}
   (You acquired it on level 4 of the Dungeon)

   [amulet of reflection]

   It reflects blocked missile attacks.
   Int:       It affects your intelligence (-4).
   rPois:     It protects you from poison.
   +Blink:    It lets you blink.
   Regen:     It increases your rate of health regeneration.
   SH:        It affects your SH (+5).
 j - a +6 ring of strength (left hand)
 y - a ring of protection from fire
 z - a +4 ring of evasion (right hand)
Wands
 p - a wand of paralysis (9)
Scrolls
 b - 2 scrolls of vulnerability {unknown}
 i - 3 scrolls of enchant armour
 m - 4 scrolls of teleportation
Potions
 c - 2 potions of mutation
 g - 2 potions of lignification
 h - a potion of curing {unknown}
 k - a potion of heal wounds {unknown}
 l - a potion of magic {unknown}
 o - 8 potions of flight
 r - a potion of ambrosia {unknown}
 s - a potion of resistance {unknown}
 t - 3 potions of might
 u - a potion of invisibility
 v - a potion of brilliance {unknown}


   Skills:
 + Level 7.6 Fighting
 - Level 2.6 Long Blades
 * Level 8.0 Spellcasting


You had 13 spell levels left.
You knew the following spells:

 Your Spells              Type           Power      Damage    Failure   Level
a - Beastly Appendage     Tmut           64%        N/A       1%          1
b - Searing Ray           Conj           64%        2d6       1%          2
c - Static Discharge      Conj/Air       32%        N/A       1%          2
d - Leda's Liquefaction   Hex/Erth       16%        N/A       7%          4
p - Scorch                Fire           64%        2d8       1%          2
Your spell library was empty.

Dungeon Overview and Level Annotations

Branches:
Dungeon (8/15)             Temple (0/1) D:6           Sewer (visited)
   Lair: D:8-11

Altars:

Shops:
D:7 =

Annotations:
D:7 Erica


Innate Abilities, Weirdness & Mutations

You are immune to sickness and miasma.
You are immune to poison.
Your flesh is very heat resistant. (rF++)
You are vulnerable to cold. (rC-)
You float through the air rather than walking.
You learn spells naturally, not from books.
Your magical power is your life essence.
You have superior vitality. (+4 HP)


Message History

Erica closely misses you.
Erica points at you and mumbles some strange words.
The lance of force hits you!!
* * * LOW HITPOINT WARNING * * *
You are knocked back by the lance of force.
You slam into the rock wall!
* * * LOW HITPOINT WARNING * * *
Casting: Static Discharge (safe; 1% risk of failure)
Confirm with . or Enter, or press ? or * to list all spells.
You can't see any susceptible monsters within range! (Use Z to cast anyway.) (Key replay stole keys) No previous command to re-do.
Aiming: Paralyse
Press: ? - help, Shift-Dir - straight line, f - Erica
Aim: Erica, wielding a +2 scimitar of flaming and wearing a +0 robe (severely wounded, chance to affect: 15%)
Okay, then.
Casting: Static Discharge (safe; 1% risk of failure)
Confirm with . or Enter, or press ? or * to list all spells.
Okay, then.
Casting: Scorch (safe; 1% risk of failure)
Press: ? - help, Q - select action, (/) - cycle Dir - look around, f - activate Flames lash Erica.
Erica is severely wounded.
Erica's fire resistance burns away.
* * * LOW HITPOINT WARNING * * *
Erica casts a spell at you.
The bolt of poison hits you but does no damage.
You resist.
Casting: Scorch (safe; 1% risk of failure)
Press: ? - help, Q - select action, (/) - cycle Dir - look around, f - activate Flames lash Erica.
Erica is burned terribly!
Erica is almost dead.
* * * LOW HITPOINT WARNING * * *
Erica is no longer more vulnerable to fire.
Erica casts a spell at you. The lance of force hits you!
* * * LOW HITPOINT WARNING * * *
You are knocked back by the lance of force.
You slam into the rock wall!
You die...

############## #............#
#.##########.########
####.##............(.... ##
#######....##.#######..#.##### .#
#......................#.# .#
#.#####.#####.######...#.# .# #.#
#.# #.######...#.#### .#
#.#####.# #@.>@...........#
.###.......# #..###.....#.##.#
.....#..#### #..# #.#.#.#.##.#
####.#..########..###+#.#.)..#.#
#.#.[##..........'∩'.#......##
#.#..##.#####....#+###....#.#.
#.#..##.#####............##.#.
###...........##..##.###.####.#.
##...........#<)....<..........#.


You could see Erica.

Vanquished Creatures
  Joseph (D:7)
  Maggie (D:5)
  A wyvern (D:7)
  A steam dragon (D:6)
  A water moccasin (D:7)
  2 black bears (D:6)
  An ogre (D:6)
  A bullfrog (D:7)
  3 wights (D:4)
  2 electric eels (D:7)
  2 orc priests
  A bullfrog zombie (D:5)
  2 hounds
  A centaur skeleton (D:7)
  5 iguanas
  2 orc wizards
  A howler monkey skeleton (D:7)
  4 gnolls (D:7)
  10 adders
  A white imp (D:6)
  5 worms
  2 dart slugs
  20 orcs
  11 endoplasms
  A giant cockroach (D:1)
  7 hobgoblins
  9 jackals
  7 kobolds
  10 quokkas
  7 ball pythons
  17 bats
  5 frilled lizards
  6 goblins
  A quokka skeleton (D:4)
  7 rats
158 creatures vanquished.

Vanquished Creatures (others)
  17 plants (D:7)
17 creatures vanquished.

Grand Total: 175 creatures vanquished

Notes
Turn   | Place    | Note
-------+----------+-------------------------------------------
     0 | D:1      | lunkers the Djinni Cinder Acolyte began the quest for the
                  | Orb.
     0 | D:1      | Reached XP level 1. HP: 20/20 MP: 0/0
   342 | D:1      | Reached XP level 2. HP: 20/25 MP: 0/0
   407 | D:1      | Found a faded altar of an unknown god.
  1076 | D:1      | Reached XP level 3. HP: 28/30 MP: 0/0
  1076 | D:1      | Learned a level 1 spell: Beastly Appendage
  1337 | D:2      | Reached skill level 3 in Spellcasting
  1657 | D:2      | Reached XP level 4. HP: 30/35 MP: 0/0
  3388 | D:3      | Reached XP level 5. HP: 33/41 MP: 0/0
  3388 | D:3      | Learned a level 2 spell: Searing Ray
  3879 | D:4      | Reached skill level 4 in Spellcasting
  3879 | D:4      | Reached XP level 6. HP: 3/48 MP: 0/0
  4223 | D:4      | Found a glowing drain.
  4247 | Sewer    | Entered a sewer
  5245 | D:4      | Identified a scroll of acquirement
  5245 | D:4      | Acquired the amulet "Vuhisej" {Reflect +Blink rPois Regen+
                  | Int-4 SH+5}
  5318 | D:4      | Reached XP level 7. HP: 46/53 MP: 0/0
  5318 | D:4      | Learned a level 2 spell: Static Discharge
  5753 | D:5      | Entered Level 5 of the Dungeon
  5847 | D:5      | Reached skill level 5 in Fighting
  5847 | D:5      | Reached skill level 5 in Spellcasting
  6472 | D:6      | Noticed Maggie
  6490 | D:5      | Killed Maggie
  6491 | D:5      | Reached skill level 6 in Spellcasting
  6491 | D:5      | Reached XP level 8. HP: 18/61 MP: 0/0
  6615 | D:6      | Found a staircase to the Ecumenical Temple.
  7079 | D:7      | Reached skill level 7 in Spellcasting
  7079 | D:7      | Reached XP level 9. HP: 43/67 MP: 0/0
  7079 | D:7      | Learned a level 4 spell: Leda's Liquefaction
  7327 | D:7      | Noticed Joseph
  7348 | D:7      | Killed Joseph
  7599 | D:7      | Found Ynlez's Jewellery Shop.
  7894 | D:7      | Reached skill level 8 in Spellcasting
  7996 | D:8      | Noticed Erica
  8123 | D:7      | HP: 3/69 [Erica/lance of force (8)]
  8123 | D:7      | Collided with a rock wall

Illustrated notes

Levels and vault maps discovered:
D:1:      eino_arrival_water_star, layout_loops_cross,
          hellmonk_ecumenical_altar_zigzags, minmay_cut_off
D:2:      layout_loops_ring, chequers_serial_rivers_large_b
D:3:      layout_basic
D:4:      layout_rooms, gup_sewer_entry_spiral
D:5:      layout_loops_ring
D:6:      layout_rooms, minmay_temple_entry_junction, uniq_maggie
D:7:      layout_loops_ring, serial_shops, nicolae_shop_behind_doors,
          kennysheep_pointless_box, serial_bayou_ford_a, uniq_joseph
D:8:      layout_cave_pools, uniq_erica

Skill      XL: |  1  2  3  4  5  6  7  8  9 |
---------------+----------------------------+-----
Spellcasting   | 3 4 6 7 8 |  8.0
Fighting       | 4 5 6 7 |  7.6
Long Blades    | |  2.6

Action                   |  1- 3 |  4- 6 |  7- 9 || total
-------------------------+-------+-------+-------++-------
Melee: Falchion          |    32 |       |       ||    32
       Flail             |       |    11 |    44 ||    55
 Cast: Scorch            |    26 |    96 |    48 ||   170
       Searing Ray       |       |     2 |    10 ||    12
       Static Discharge  |       |       |    43 ||    43
  Use: Scroll            |       |     9 |     4 ||    13
Armor: Robe              |     7 |     9 |     8 ||    24
       Swamp dragon scal |       |       |    15 ||    15
Dodge: Dodged            |    29 |    33 |    46 ||   108
Block: Other             |       |       |    29 ||    29
       Reflection        |       |       |     2 ||     2

Table legend: (Time is in decaauts)
 A = Elapsed time spent in this place.
 B = Non-inter-level travel time spent in this place.
 C = Inter-level travel time spent in this place.
 D = Time resting spent in this place.
 E = Time spent auto-exploring this place.
 F = Levels seen in this place.
 G = Mean time per level.
                   A        B        C        D        E       F      G
               +--------+--------+--------+--------+--------+-----+--------+
         Total |   8152 |   7944 |    208 |    693 |   6100 |   9 |  905.8 |
       Dungeon |   7157 |   6949 |    208 |    475 |   5485 |   8 |  894.6 |
         Sewer |    994 |    994 |      0 |    218 |    615 |   1 |  994.0 |
               +--------+--------+--------+--------+--------+-----+--------+

Top non-repeatable levels by time:
     D:2: 1393 daAuts
     D:1: 1274 daAuts
     D:3: 1176 daAuts
     D:7: 1046 daAuts
   Sewer: 994 daAuts
     D:4: 928 daAuts
     D:5: 771 daAuts
     D:6: 554 daAuts
     D:8: 13 daAuts
